 Dungeon Crawl Stone Soup version 0.28.0-47-ge53b351184 (webtiles) character file.

Game seed: 9068493889076798820

436 101zpm the Magician (level 7, -3/45 HPs)
             Began as a Djinni Fire Elementalist on May 7, 2022.
             Killed by an exploding centaur zombie (12 damage)
             ... ignited by their inner flame
             ... on level 7 of the Dungeon.
             The game lasted 00:03:18 (2147 turns).

101zpm the Magician (Djinni Fire Elementalist)      Turns: 2147, Time: 00:03:19

Health: -3/45      AC:  2    Str:  7    XL:     7   Next: 21%
Gold:   89         EV: 12    Int: 18    God:
                   SH:  0    Dex: 14

rFire   + + .      SeeInvis .   (no weapon)
rCold   x . .      Faith    .   (no shield)
rNeg    . . .      Spirit   .   a - +0 robe
rPois   ∞          Reflect  .   (no helmet)
rElec   .          Harm     .   (no cloak)
rCorr   .          Rampage  .   (no gloves)
Will    .....                   (boots unavailable)
Stlth   ++........              (no amulet)
HPRegen 0.15/turn               (no ring)
MPRegen 0.00/turn               (no ring)

@: flying
A: sickness immunity, fire resistance 2, cold vulnerability 1, float, innate
caster, HP casting, extra vitality 1
a: no special abilities


You were on level 7 of the Dungeon.
You visited 1 branch of the dungeon, and saw 7 of its levels.

You collected 89 gold pieces.

Inventory:

Armour
 a - a +0 robe (worn)
Scrolls
 b - 3 scrolls of identify {unknown}
Potions
 c - 3 potions of curing {unknown}
 d - 2 potions of berserk rage {unknown}
 e - a potion of flight {unknown}


   Skills:
 + Level 0.1 Fighting
 + Level 2.5 Dodging
 + Level 2.7 Stealth
 + Level 0.1 Unarmed Combat
 + Level 5.4 Spellcasting


You couldn't memorise any spells.
You knew the following spells:

 Your Spells              Type           Power      Damage    Failure   Level
a - Foxfire               Conj/Fire      96%        2x1d8     1%          1
b - Scorch                Fire           48%        2d7       1%          2
c - Conjure Flame         Conj/Fire      24%        6-21      4%          3
d - Inner Flame           Hex/Fire       24%        N/A       4%          3
e - Flame Wave            Conj/Fire      24%        2d7       14%         4
f - Apportation           Tloc           48%        N/A       1%          1
g - Passwall              Tmut/Erth      20%        N/A       1%          2
h - Ignite Poison         Fire/Tmut/Pois 24%        N/A       4%          3
Your spell library was empty.

Dungeon Overview and Level Annotations

Branches:
Dungeon (7/15)             Temple (0/1) D:4

Altars:


Innate Abilities, Weirdness & Mutations

You are immune to sickness and miasma.
You are immune to poison.
Your flesh is very heat resistant. (rF++)
You are vulnerable to cold. (rC-)
You float through the air rather than walking.
You learn spells naturally, not from books.
Your magical power is your life essence.
You have superior vitality. (+4 MHP)


Message History

Aiming: Inner Flame (dangerous; 4% risk of failure)
Press: ? - help, Dir - move target, f/p - wight
Aim: a wight, wielding a +3 falchion and wearing a +0 robe (chance to affect: 79%)
The wight is filled with an inner flame.
A centaur zombie comes into view.
Casting: Foxfire (safe; 1% risk of failure)
Press: ? - help, Q - select action, (/) - cycle Dir - look around, f - activate You conjure some foxfire!
A wight comes into view. It is wielding a +0 long sword.
Casting: Foxfire (safe; 1% risk of failure)
Confirm with . or Enter, or press ? or * to list all spells.
Aiming: Inner Flame (dangerous; 4% risk of failure)
Press: ? - help, Dir - move target, f - centaur zombie
Aim: a centaur zombie (flame, ally target, chance to affect: 87%)
The centaur zombie is filled with an inner flame.
* * * LOW HITPOINT WARNING * * *
The foxfire hits the centaur zombie but does no damage.
The centaur zombie is engulfed in blazing flames.
Flame seeps out of the centaur zombie.
What are your orders? t - Shout!
Orders for allies: a - Attack new target. p - Attack previous target. r - Retreat! s - Stop attacking. g - Guard the area. f - Follow me.
Anything else - Cancel.
Okay, then.
Casting: Inner Flame (dangerous; 4% risk of failure)
Confirm with . or Enter, or press ? or * to list all spells.
Flames lash the centaur zombie.
Flame seeps out of the centaur zombie.
The centaur zombie is moderately damaged.
The centaur zombie's fire resistance burns away.
* * * LOW HITPOINT WARNING * * *
The centaur zombie is engulfed in blazing flames.
Flame seeps out of the centaur zombie.
You hit the centaur zombie.
Flame seeps out of the centaur zombie.
The centaur zombie is almost destroyed.
The centaur zombie is engulfed in blazing flames.
The centaur zombie explodes!
The fiery explosion engulfs you! You resist.
You die...

####### #.....# .
#.###.#
.)z○########.#<..#
..z○○§○@v....#####
..☼☼########## .


You could see 2 wights.

Vanquished Creatures
  A troll (D:7)
  A water moccasin (D:7)
  2 wights (D:7)
  A centaur zombie (D:7)
  3 adders (D:3)
  A dart slug (D:3)
  2 endoplasms (D:3)
  A giant cockroach (D:1)
  3 goblins
  A hobgoblin (D:3)
  A kobold (D:3)
  2 quokkas
  A bat (D:2)
  A frilled lizard (D:1)
21 creatures vanquished.

Vanquished Creatures (others)
  159 foxfires
159 creatures vanquished.

Grand Total: 180 creatures vanquished

Notes
Turn   | Place    | Note
-------+----------+-------------------------------------------
     0 | D:1      | 101zpm the Djinni Fire Elementalist began the quest for the
                  | Orb.
     0 | D:1      | Reached XP level 1. HP: 15/15 MP: 0/0
    80 | D:1      | Found a faded altar of an unknown god.
   620 | D:3      | Reached XP level 2. HP: 15/21 MP: 0/0
   902 | D:3      | Reached skill level 3 in Spellcasting
  1097 | D:3      | Reached XP level 3. HP: 21/25 MP: 0/0
  1097 | D:3      | Learned a level 1 spell: Apportation
  2052 | D:4      | Found a staircase to the Ecumenical Temple.
  2055 | D:5      | Entered Level 5 of the Dungeon
  2122 | D:7      | Noticed a wight
  2125 | D:7      | Killed a wight
  2126 | D:7      | Reached XP level 4. HP: 25/31 MP: 0/0
  2129 | D:7      | Noticed a troll
  2134 | D:7      | Killed a troll
  2135 | D:7      | Reached skill level 4 in Spellcasting
  2135 | D:7      | Reached XP level 5. HP: 19/35 MP: 0/0
  2135 | D:7      | Learned a level 2 spell: Passwall
  2135 | D:7      | Reached XP level 6. HP: 22/40 MP: 0/0
  2135 | D:7      | Noticed a water moccasin
  2137 | D:7      | Killed a water moccasin
  2138 | D:7      | Reached skill level 5 in Spellcasting
  2138 | D:7      | Reached XP level 7. HP: 23/45 MP: 0/0
  2138 | D:7      | Learned a level 3 spell: Ignite Poison
  2147 | D:7      | Killed by an exploding centaur zombie... ignited by their
                  | inner flame

Illustrated notes

Levels and vault maps discovered:
D:1:      psy_arrival_dodecagon, layout_basic, ebering_ecumenical_altar_box
D:2:      layout_basic, uniq_jessica, uniq_sigmund, uniq_robin
D:3:      layout_loops_cross
D:4:      layout_loops_ring, fedhas_altar_fruit_tree,
          minmay_temple_entry_overgrown
D:5:      layout_loops_ring
D:6:      layout_gridville, nrook_campfire, uniq_grinder, uniq_pikel,
          uniq_prince_ribbit1, uniq_blork_the_orc
D:7:      layout_basic, uniq_joseph

Skill      XL: |  1  2  3  4  5  6 |
---------------+-------------------+-----
Spellcasting   | 3 4 5 |  5.4
Stealth        | 2 |  2.7
Fighting       | |  0.1
Dodging        | |  2.5
Unarmed Combat | |  0.1

Action                   |  1- 3 |  4- 6 |  7- 9 || total
-------------------------+-------+-------+-------++-------
Melee: Unarmed           |     1 |       |     1 ||     2
 Cast: Foxfire           |    99 |     6 |     1 ||   106
       Scorch            |     5 |     1 |     1 ||     7
       Inner Flame       |     1 |     1 |     4 ||     6
Dodge: Dodged            |     2 |       |       ||     2
